 Dungeon Sprint DCSS version 0.17-a0-1184-gb75be8f (webtiles) character file.

154 Kidiri the Cudgeler (level 5, -7/90 HPs)
             Began as a Troll Berserker on June 1, 2015.
             Was an Elder of Trog.
             Mangled by a sun demon (16 damage)
             ... summoned by a kobold demonologist
             ... in the Dungeon (Sprint III: "The Ten Rune Challenge").
             The game lasted 00:03:10 (255 turns).

Kidiri the Cudgeler (Troll Berserker)                Turns: 255, Time: 00:03:10

Health: -7/90      AC:  6    Str: 31    XL:     5   Next: 13%
Magic:  4/4        EV: 11    Int:  5    God:    Trog [****..]
Gold:   33         SH:  0    Dex:  9    Spells: 0 memorised, 4 levels left

rFire  . . .     SeeInvis .     a - +0 mace
rCold  . . .     Clarity  .     b - +0 animal skin
rNeg   . . .     SustAt   .     (no shield)
rPois  +         Gourm    +     (helmet restricted)
rElec  .         Spirit   .     (no cloak)
rCorr  .         Warding  .     (gloves unavailable)
rMut   .         NoTele   +     (boots unavailable)
MR     .....                    (no amulet)
Stlth  ..........               (no ring)
                                (no ring)

@: berserking, very quick, not resistant to hostile enchantments, extremely
unstealthy
A: unfitting armour, claws 3, rugged brown scales 1, blurry vision 1, breathe
flames 1, clever 1, fast metabolism 3, gourmand, poison resistance, regeneration
2, shaggy fur 1, tough skin 2, MP-powered wands
a: Burn Spellbooks, Berserk, Trog's Hand, Brothers in Arms, Renounce Religion,
Breathe Fire


You were in the Dungeon.
You worshipped Trog.
Trog was greatly pleased with you.
You were not hungry.

You visited 1 branch You collected 33 gold pieces.

Inventory:

Hand weapons
 a - a +0 mace (weapon)
 k - a +0 dagger (quivered)
 l - a +0 dagger
Armour
 b - a +0 animal skin (worn)
Scrolls
 i - a scroll of blinking
 n - 2 scrolls of holy word {unknown}
 o - 2 scrolls of identify {unknown}
 p - 2 scrolls of remove curse {unknown}
Potions
 d - a potion of curing
 e - a potion of heal wounds
 f - a potion of haste
 g - 2 potions of magic
 h - a potion of berserk rage
 r - 4 potions of cure mutation
 s - 2 potions of flight {unknown}
Comestibles
 c - 3 bread rations
 j - a chunk of flesh
 q - a meat ration


   Skills:
 * Level 6.0 Fighting
 * Level 6.5 Maces & Flails
 + Level 4.5 Dodging


You had 4 spell levels left.
You didn't know any spells.

Dungeon Overview and Level Annotations

Branches:
Dungeon (1/1)

Altars:
Kikubaaqudgha
Sif Muna
Vehumet


Innate Abilities, Weirdness & Mutations

You are too large for most types of armour.
You have claws for hands.
Your metabolism is lightning-fast.
You like to eat raw meat.
You heal very quickly.
You are covered in fur (AC +1).
You have very tough skin (AC +2).
You are partially covered in rugged brown scales (AC +1, +3% HP).
Scrolls take you a little longer to read.
You can breathe flames.
Your mind is acute. (Int +2)
Your system is resistant to poisons.
You expend magic power (3 MP) to strengthen your wands.


Message History

You hit the sun demon but do no damage.
The sun demon is lightly wounded.
The sun demon hits you.
You are engulfed in flames!
You thump the sun demon!
The sun demon is moderately wounded.
The sun demon closely misses you.
You sock the sun demon!
The sun demon is heavily wounded.
The sun demon closely misses you.
You hit the sun demon.
The sun demon is heavily wounded.
You barely miss the sun demon.
The sun demon is heavily wounded.
The sun demon completely misses you.
You barely miss the sun demon.
The sun demon is heavily wounded.
The sun demon hits you!!
* * * LOW HITPOINT WARNING * * *
You are engulfed in flames!
You die...

.#...#### ##.#
.#......#####..#
##..[....#..#..#
.##.##...#..#..###+#+###+
.##.###..##'#..#.........
####.##..###...'.⌠.......
##..##..####...#...######
....##..###....#.⌠.#
#..##...##.....#@..#
..##....#......#3###
.###..##.#.....#5K .#
#..#####....#___ ▓▓ ▓▓▓▓
▓▓▓▓▓▓▓▓▓▓


You could see a sun demon, a kobold demonologist and an ufetubus.

Vanquished Creatures
  A water elemental (D)
  A wolf (D)
  Jessica (D)
  A wizard (D)
  A human (D)
  A white imp (D)
  2 oozes (D)
  A rat (D)
9 creatures vanquished.

Vanquished Creatures (others)
  2 fire drakes (D)
  2 yaktaurs (D)
  A plant (D)
5 creatures vanquished.

Grand Total: 14 creatures vanquished

Notes
Turn   | Place    | Note
--------------------------------------------------------------
     0 | D        | Kidiri the Troll Berserker began the quest for the Orb.
     0 | D        | Reached XP level 1. HP: 22/22 MP: 0/0
    15 | D        | Reached skill level 3 in Maces & Flails
    23 | D        | Acquired Trog's second power
    23 | D        | Reached XP level 2. HP: 26/31 MP: 1/1
    35 | D        | Killed a yaktaur
    46 | D        | Noticed Jessica
    52 | D        | Killed Jessica
    52 | D        | Reached skill level 4 in Fighting
    52 | D        | Reached XP level 3. HP: 39/39 MP: 2/2
   123 | D        | Killed a fire drake
   133 | D        | Killed a yaktaur
   146 | D        | Noticed a wolf
   154 | D        | Killed a wolf
   154 | D        | Reached skill level 5 in Fighting
   154 | D        | Reached skill level 5 in Maces & Flails
   154 | D        | Reached XP level 4. HP: 50/50 MP: 3/3
   186 | D        | Gained mutation: Your mind is acute. (Int +2) [potion of mutation]
   186 | D        | Gained mutation: You expend magic power (3 MP) to strengthen your wands. [potion of mutation]
   186 | D        | Gained mutation: You can breathe flames. [potion of mutation]
   187 | D        | Gained mutation: Scrolls take you a little longer to read. [potion of mutation]
   187 | D        | Gained mutation: Your system is resistant to poisons. [potion of mutation]
   187 | D        | Gained mutation: You are partially covered in rugged brown scales (AC +1, +3% HP). [potion of mutation]
   193 | D        | Noticed a water elemental
   200 | D        | Killed a water elemental
   200 | D        | Reached skill level 6 in Maces & Flails
   224 | D        | Killed a fire drake
   243 | D        | Found a radiant altar of Vehumet.
   243 | D        | Found a deep blue altar of Sif Muna.
   243 | D        | Found an ancient bone altar of Kikubaaqudgha.
   243 | D        | Noticed a wizard
   244 | D        | Acquired Trog's third power
   247 | D        | Noticed a sun demon
   247 | D        | Killed a wizard
   247 | D        | Reached XP level 5. HP: 60/60 MP: 4/4
   255 | D        | Mangled by a sun demon

Vault maps used:
D:        dungeon_sprint_mu

Action                   |  1- 3 |  4- 6 || total
-------------------------+-------+-------++-------
Melee: Mace              |    27 |    14 ||    41
Invok: Berserk           |     2 |     2 ||     4
       Burn Spellbooks   |       |     1 ||     1
 Abil: Breathe Fire      |       |     1 ||     1
  Use: Potion            |       |     2 ||     2
  Eat: Chunk             |     2 |     1 ||     3
